 Dungeon Crawl Stone Soup version 0.27-a0-1137-g3ef0f4ec91 (webtiles) character file.

Game seed: 537987011162058741

162 kae the Slasher (level 5, -2/41 HPs)
             Began as a Demonspawn Abyssal Knight on May 6, 2021.
             Was a Believer of Lugonu.
             Slain by an orc
             ... wielding a +0 flail
              (7 damage)
             ... on level 3 of the Dungeon.
             The game lasted 00:02:01 (3891 turns).

kae the Slasher (Demonspawn Abyssal Knight)         Turns: 3891, Time: 00:02:01

Health: -2/41      AC:  5    Str: 13    XL:     5   Next: 19%
Magic:  6/6        EV: 11    Int: 14    God:    Lugonu [**....]
Gold:   107        SH:  4    Dex: 12    Spells: 4/4 levels left

rFire    . . .     SeeInvis .   a - +1 falchion
rCold    . . .     Faith    .   (no shield)
rNeg     . . .     Spirit   .   b - +0 leather armour
rPois    .         Reflect  .   (helmet restricted)
rElec    .         Harm     .   (no cloak)
rCorr    .         Rampage  .   (no gloves)
Will     .....                  (no boots)
Stlth    +.........             (no amulet)
HPRegen  0.13/turn              d - ring of wizardry
MPRegen  0.10/turn              e - ring of wizardry

@: no status effects
A: antennae 1, slimy green scales 1, condensation shield
a: Renounce Religion, Depart the Abyss, Bend Space


You were on level 3 of the Dungeon.
You worshipped Lugonu.
Lugonu was pleased with you.
You visited 1 branch of the dungeon, and saw 4 of its levels.
You visited the Abyss 1 time.

You collected 107 gold pieces.

Inventory:

Hand Weapons
 a - a +1 falchion (weapon)
Armour
 b - a +0 leather armour (worn)
Jewellery
 d - a ring of wizardry (left hand)
 e - a ring of wizardry (right hand)
Potions
 c - 2 potions of curing
 g - 2 potions of degeneration
 i - a potion of resistance {unknown}


   Skills:
 - Level 3.0 Fighting
 + Level 5.0 Long Blades
 - Level 1.7 Armour
 - Level 0.8 Dodging
 - Level 2.4 Invocations


You had 4 spell levels left.
You didn't know any spells.
Your spell library was empty.

Dungeon Overview and Level Annotations

Branches:
Dungeon (4/15)
 Temple: D:4-7

Altars:

Shops:
D:1 *


Innate Abilities, Weirdness & Mutations

You have a pair of small antennae on your head.
You are partially covered in slimy green scales. (AC +2)
A meltable shield of frost defends you. (SH +4)


Message History

The scorpion poisons you! The orc misses you.
You hit the scorpion but do no damage.
The scorpion is severely wounded.
* * * LOW HITPOINT WARNING * * *
You feel very sick. The scorpion misses you. You block the orc's attack.
You feel better. The scorpion stings you.
* * * LOW HITPOINT WARNING * * *
You are lethally poisoned!
The scorpion poisons you! The orc hits you but does no damage.
You feel much better.
You feel sick. You block the scorpion's attack. The orc misses you.
The scorpion stings you.
You are more poisoned.
The scorpion poisons you!
You completely miss the scorpion.
The scorpion is severely wounded.
You feel very sick. You block the scorpion's attack. The orc barely misses you.
You closely miss the scorpion.
The scorpion is severely wounded.
You feel very sick.
The scorpion stings you but does no damage.
The orc hits you with a +0 flail.
You hit the scorpion.
The scorpion is severely wounded.
You feel very sick. The scorpion barely misses you.
The orc hits you with a +0 flail.
You feel better. The scorpion stings you.
* * * LOW HITPOINT WARNING * * *
You block the orc's attack. You block the scorpion's attack.
You hit the scorpion.
The scorpion is almost dead.
The orc hits you but does no damage. The scorpion stings you!
* * * LOW HITPOINT WARNING * * *
You closely miss the scorpion.
The scorpion is almost dead.
The scorpion stings you.
* * * LOW HITPOINT WARNING * * *
The orc hits you with a +0 flail!
You die...

#.## #..##+#......## #..#
#.............#
#####..######..#.#.#####.#
....#.................##.#
....#.##.#####...#.#..##.#
...†#.##.##............#.##
....'.....#.###..#..#.....#
....#######.# #s)#........#
....# #.# #o@#........#
....# #.#
####..#...#.####### #####
#.# #............... #.#
#.....####.####. #.#
####.##..# #.# #.
#.###........# #.# #.
#...#.######.# #.####.
#####.#.##.....# #......
###.....#.##.#<### #######


You could see a scorpion and an orc.

Vanquished Creatures
  An orc wizard (D:3)
  A scorpion zombie (D:2)
  An adder (D:3)
  An adder zombie (D:2)
  A dart slug (D:3)
  6 orcs (D:3)
  A bat skeleton (D:2)
  A bat zombie (D:2)
  6 endoplasms
  2 giant cockroaches
  6 hobgoblins
  11 jackals
  5 kobolds
  3 quokkas
  7 ball pythons
  A ball python skeleton (D:2)
  A ball python zombie (D:2)
  8 bats
  3 frilled lizards
  10 goblins
  A jackal skeleton (D:2)
  A jackal zombie (D:2)
  5 rats
83 creatures vanquished.

Vanquished Creatures (others)
  4 withered plants (D:2)
4 creatures vanquished.

Grand Total: 87 creatures vanquished

Notes
Turn   | Place    | Note
-------+----------+-------------------------------------------
     0 | Abyss:1  | kae the Demonspawn Abyssal Knight began the quest for the
                  | Orb.
     0 | Abyss:1  | Reached XP level 1. HP: 18/18 MP: 2/2
    62 | Abyss:1  | Noticed a starcursed mass
    93 | D:1      | Escaped the Abyss
   322 | D:1      | Reached skill level 2 in Long Blades
   391 | D:1      | Reached * piety under Lugonu
   434 | D:1      | Gained mutation: You have a pair of small antennae on your
                  | head. [demonic ancestry]
   434 | D:1      | Reached XP level 2. HP: 24/24 MP: 3/3
   479 | D:1      | Reached skill level 3 in Long Blades
   893 | D:1      | Gained mutation: You are partially covered in slimy green
                  | scales. (AC +2) [demonic ancestry]
   893 | D:1      | Reached XP level 3. HP: 29/29 MP: 4/4
  1066 | D:1      | Found a faded altar of an unknown god.
  1279 | D:1      | Found Fiunicae's Assorted Antiques.
  2154 | D:2      | Reached ** piety under Lugonu
  2155 | D:2      | Reached skill level 4 in Long Blades
  2155 | D:2      | Gained mutation: A meltable shield of frost defends you.
                  | (SH +4) [demonic ancestry]
  2155 | D:2      | Reached XP level 4. HP: 7/35 MP: 5/5
  3433 | D:3      | Reached XP level 5. HP: 36/41 MP: 6/6
  3871 | D:3      | Reached skill level 5 in Long Blades
  3883 | D:3      | HP: 2/41 [poisoned by a scorpion]
  3891 | D:3      | Slain by an orc

Illustrated notes

Levels and vault maps discovered:
D:1:      lightli_arrival_statue_moat, layout_loops_corners, serial_shops, shop,
          ebering_ecumenical_altar_abandoned
D:2:      layout_loops_corners, serial_undead, serial_undead_e, serial_undead_c,
          serial_undead_b, serial_undead_d, serial_undead_d, serial_undead_d,
          serial_undead_a, serial_undead_b, serial_undead_b, serial_undead_f
D:3:      layout_basic
D:4:      layout_basic, nicolae_overflow_crystal_walls

Skill      XL: |  1  2  3  4  5 |
---------------+----------------+-----
Long Blades    | 2 3 4 5 |  5.0
Fighting       | |  3.0
Armour         | |  1.7
Dodging        | |  0.8
Invocations    | |  2.4

Action                   |  1- 3 |  4- 6 || total
-------------------------+-------+-------++-------
Melee: Falchion          |   124 |   136 ||   260
Invok: Depart the Abyss  |     1 |       ||     1
  Use: Scroll            |     1 |     2 ||     3
       Potion            |       |     5 ||     5
Armor: Leather armour    |    41 |    50 ||    91
Dodge: Dodged            |    73 |    80 ||   153
Block: Other             |       |    30 ||    30
       Rpst.: Falchion   |    25 |    23 ||    48

Table legend: (Time is in decaauts)
 A = Elapsed time spent in this place.
 B = Non-inter-level travel time spent in this place.
 C = Inter-level travel time spent in this place.
 D = Time resting spent in this place.
 E = Time spent auto-exploring this place.
 F = Levels seen in this place.
 G = Mean time per level.
                   A        B        C        D        E       F      G
               +--------+--------+--------+--------+--------+-----+--------+
         Total |   3918 |   3822 |     96 |    378 |   2907 |   5 |  783.6 |
       Dungeon |   3825 |   3729 |     96 |    370 |   2845 |   4 |  956.2 |
         Abyss |     93 |     93 |      0 |      8 |     62 |   1 |   93.0 |
               +--------+--------+--------+--------+--------+-----+--------+

Top non-repeatable levels by time:
     D:1: 1648 daAuts
     D:2: 1107 daAuts
     D:3: 1062 daAuts
 Abyss:1: 93 daAuts
     D:4: 6 daAuts
